 Dungeon Crawl Stone Soup version 0.28.0-45-g0d030f2227 (webtiles) character file.

Game seed: 5947635281964576690

1269 Diomare the Summoner (level 8, 0/37 HPs)
             Began as a Vine Stalker Summoner on Apr 15, 2022.
             Slain by Menkaure (5 damage)
             ... on level 6 of the Dungeon on Apr 16, 2022.
             The game lasted 00:58:29 (7663 turns).

Diomare the Summoner (Vine Stalker Summoner)        Turns: 7663, Time: 00:58:29

Health: 0/37       AC:  6    Str: 12    XL:     8   Next: 53%
Magic:  0/16       EV: 12    Int: 17    God:
Gold:   103        SH:  0    Dex: 14    Spells: 7/17 levels left

rFire   . . .      SeeInvis .   p - +4 quarterstaff (chaos)
rCold   . . .      Faith    .   (shield currently unavailable)
rNeg    . . .      Spirit   +   a - +0 robe
rPois   .          Reflect  .   k - +0 helmet
rElec   .          Harm     .   m - +1 cloak
rCorr   .          Rampage  .   (no gloves)
Will    +....                   j - +0 pair of boots
Stlth   ++........              d - amulet of the acrobat
HPRegen 0.92/turn               (no ring)
MPRegen 0.15/turn               (no ring)

@: no status effects
A: fangs 3, regeneration 1, magic shield, antimagic bite, no potion heal 2
a: no special abilities


You were on level 6 of the Dungeon.
You visited 1 branch of the dungeon, and saw 7 of its levels.

You collected 218 gold pieces.
You spent 115 gold pieces at shops.

Inventory:

Hand Weapons
 l - a +0 spear
 p - a +4 quarterstaff of chaos (weapon)
 v - a +2 vampiric dagger
Missiles
 s - 20 poisoned darts
Armour
 a - a +0 robe (worn)
 j - a +0 pair of boots (worn)
 k - a +0 helmet (worn)
 m - a +1 cloak (worn)
 o - a +2 leather armour of cold resistance
 t - a +0 leather armour of fire resistance
Jewellery
 d - an amulet of the acrobat (around neck)
 r - an amulet of regeneration
Scrolls
 b - a scroll of immolation {unknown}
 c - 2 scrolls of teleportation {unknown}
 f - 3 scrolls of identify {unknown}
 g - 2 scrolls of magic mapping {unknown}
 q - a scroll of noise {unknown}
 w - a scroll of holy word {unknown}
 x - 3 scrolls of enchant weapon {unknown}
Potions
 e - 2 potions of heal wounds {unknown}
 h - a potion of attraction {unknown}
 i - a potion of curing {unknown}
 n - 3 potions of mutation {unknown}
 u - a potion of degeneration {unknown}


   Skills:
 + Level 0.6 Fighting
 + Level 2.3 Dodging
 + Level 3.2 Stealth
 - Level 5.1 Spellcasting
 * Level 9.3 Summonings


You had 7 spell levels left.
You knew the following spells:

 Your Spells              Type           Power      Damage    Failure   Level
a - Summon Small Mammal   Summ           100%       N/A       1%          1
b - Call Imp              Summ           36%        N/A       1%          2
c - Call Canine Familiar  Summ           36%        N/A       1%          3
d - Summon Ice Beast      Ice/Summ       20%        N/A       21%         4

Your spell library contained the following spells:

 Spells                   Type           Power      Damage    Failure   Level
 Summon Guardian Golem    Hex/Summ       20%        N/A       6%          3
 Animate Armour           Summ/Erth      40%        N/A       21%         4
 Summon Lightning Spire   Summ/Air       20%        N/A       21%         4
 Ensorcelled Hibernation  Hex/Ice        8%         N/A       22%         2
 Dazzling Flash           Conj/Hex       8%         N/A       38%         3
 Frozen Ramparts          Ice            8%         1d2       38%         3
 Spider Form              Tmut/Pois      4%         N/A       38%         3
 Stone Arrow              Conj/Erth      8%         3d7       38%         3
 Anguish                  Hex/Necr       2%         N/A       80%         4
 Ice Form                 Ice/Tmut       4%         N/A       80%         4
 Iskenderun's Mystic Bla  Conj/Tloc      4%         2d3       80%         4
 Starburst                Conj/Fire      2%         6d3       100%        6
 Lehudib's Crystal Spear  Conj/Erth      2%         10d2      100%        8


Dungeon Overview and Level Annotations

Branches:
Dungeon (7/15)
 Temple: D:4-7

Altars:

Shops:
D:3 [   D:6 =

Annotations:
D:4 Ablot's ghost, amateur GnCK
D:6 Menkaure


Innate Abilities, Weirdness & Mutations

You have razor-sharp teeth.
Your natural rate of healing is unusually fast.
When hurt, damage is shared between your health and your magic reserves.
Your bite disrupts and absorbs the magic of your enemies.
Potions cannot restore your health.


Message History

Casting: Call Canine Familiar (safe; 1% risk of failure)
Confirm with . or Enter, or press ? or * to list all spells.
A beastly little devil appears in a puff of frigid air.
The hound misses you.
You swap places.
Menkaure hits your white imp but does no damage.
The hound completely misses you. Menkaure closely misses your white imp.
Your white imp barely misses the hound.
The jelly hits your white imp but does no damage.
Menkaure shouts, "The curse of the Pharaohs be upon you!"
Your white imp hits the jelly.
Your white imp freezes the jelly.
Your white imp is burned by acid!
The hound completely misses you.
Menkaure murmurs drily.
The jelly hits your white imp but does no damage.
Your white imp gestures at the jelly.
The puff of frost hits the jelly!
The jelly dies!
You miss the hound. You bite the hound.
You kill the hound!
Menkaure mumbles drily.
Menkaure points at you and mumbles some strange words.
You resist with significant effort.
Your white imp hits Menkaure but does no damage.
You hit Menkaure but do no damage. Menkaure closely misses you.
You thump Menkaure!
Menkaure flickers and vanishes!
Deactivating autopickup; reactivate with Ctrl-A.
Something calls on the powers of darkness!
Your body is wracked with pain!
Your white imp hits something.
Your white imp freezes something.
Something closely misses your white imp.
Something hits your white imp!!
Your white imp dies!
Your white imp disappears in a puff of smoke!
You closely miss something.
You hear a shout!
Your bite misses something. Something hits you!!
* * * LOW HITPOINT WARNING * * *
Something hits you.
You die...

#........†.#..# ..
#..........#..# ...
#..........##'#.... ..# ..
##+##.............. ..##+##.
#.............. ..#....
#.............. ..#...
#†............. ..#..#######
+{§............ ..#..#.....#
#.@............
..#..+.....####..............
....##...........#+###+##....
###..............# ....
...#.............# ..
....#............#
.∩..#............#
....#######......#####+##
...## #......'..##..#


There were no monsters in sight!

Vanquished Creatures
  Eustachio (D:5)
  A centaur (D:6)
  A hound (D:6)
  A centaur skeleton (D:6)
  2 iguanas (D:5)
  2 adders
  A worm (D:2)
  A giant cockroach (D:2)
  3 goblins
  A hobgoblin (D:4)
  A jackal (D:1)
  2 quokkas
  A kobold (D:1)
  A rat (D:2)
19 creatures vanquished.

Vanquished Creatures (collateral kills)
  3 necrophages
  A centaur (D:6)
  A phantom (D:3)
  A kobold brigand (D:5)
  A bullfrog (D:6)
  A scorpion (D:5)
  3 hounds (D:4)
  An orc priest (D:5)
  Crazy Yiuf (D:3)
  A jelly (D:6)
  An iguana (D:6)
  Robin (D:2)
  7 adders
  A white imp (D:6)
  2 orcs (D:5)
  3 bats (D:1)
  7 endoplasms
  A giant cockroach (D:2)
  10 goblins
  5 hobgoblins
  7 jackals (D:2)
  2 quokkas
  4 ball pythons
  13 kobolds
  3 rats
81 creatures vanquished.

Grand Total: 100 creatures vanquished

Notes
Turn   | Place    | Note
-------+----------+-------------------------------------------
     0 | D:1      | Diomare the Vine Stalker Summoner began the quest for the
                  | Orb.
     0 | D:1      | Reached XP level 1. HP: 9/9 MP: 4/4
   341 | D:1      | Reached XP level 2. HP: 4/13 MP: 3/6
   652 | D:1      | Learned a level 2 spell: Call Imp
  1542 | D:2      | Reached XP level 3. HP: 16/16 MP: 5/8
  2174 | D:2      | Learned a level 3 spell: Call Canine Familiar
  2207 | D:2      | Noticed Robin
  2221 | D:2      | Gained mutation: Your natural rate of healing is unusually
                  | fast. [Vine Stalker growth]
  2221 | D:2      | Reached XP level 4. HP: 19/21 MP: 4/9
  2607 | D:2      | Killed Robin
  3009 | D:2      | Reached skill level 5 in Summonings
  3090 | D:3      | Found Baguynochu's Armour Shoppe.
  3462 | D:3      | Bought a +1 cloak for 115 gold pieces
  3645 | D:3      | Noticed a phantom
  3894 | D:3      | Found a runed translucent door.
  3895 | D:3      | Noticed Crazy Yiuf
  3982 | D:3      | Killed Crazy Yiuf
  3983 | D:3      | Reached XP level 5. HP: 24/24 MP: 1/11
  4162 | D:3      | Killed a phantom
  4178 | D:3      | Reached XP level 6. HP: 28/28 MP: 5/13
  4608 | D:4      | Identified the +10 hand axe "Betuf" {holy, Drain +Blink
                  | Int+4}
  5133 | D:4      | Found a runed translucent door.
  5136 | D:4      | Noticed Ablot's ghost (amateur GnCK)
  5373 | D:5      | Entered Level 5 of the Dungeon
  5563 | D:5      | Reached skill level 5 in Spellcasting
  5563 | D:5      | Reached skill level 6 in Summonings
  5694 | D:5      | Noticed Eustachio
  5845 | D:5      | Killed Eustachio
  5846 | D:5      | Reached XP level 7. HP: 32/32 MP: 5/15
  5945 | D:5      | Learned a level 4 spell: Summon Ice Beast
  6412 | D:5      | Reached skill level 7 in Summonings
  7106 | D:6      | Reached skill level 8 in Summonings
  7106 | D:6      | Gained mutation: You have razor-sharp teeth. [Vine Stalker
                  | growth]
  7106 | D:6      | Reached XP level 8. HP: 29/37 MP: 0/16
  7266 | D:6      | Found Janoal's One-of-a-Kind Rings.
  7626 | D:6      | Noticed Menkaure
  7632 | D:6      | Reached skill level 9 in Summonings
  7663 | D:6      | Slain by Menkaure

Illustrated notes

Levels and vault maps discovered:
D:1:      nzn_arrival_crosshair, layout_loops_ring
D:2:      layout_basic, uniq_robin
D:3:      layout_loops_ring, serial_shops, nicolae_square_shop,
          minmay_misc_feat_alley, nicolae_figureground_sparkle,
          uniq_crazy_yiuf_cottage
D:4:      layout_basic, ebering_ghost_reflecting_pool
D:5:      layout_basic, uniq_eustachio
D:6:      layout_gridville, nicolae_shop_unique_rings, minmay_fractal_squares_5,
          uniq_menkaure
D:7:      layout_rooms, mainiacjoe_overflow_small_starburst,
          minmay_temple_entry_statues_fountains, kennysheep_generic_room_13

Skill      XL: |  1  2  3  4  5  6  7  8 |
---------------+-------------------------+-----
Spellcasting   | 3 4 5 |  5.1
Summonings     | 5 6 8 9 |  9.3
Stealth        | 3 |  3.2
Dodging        | 2 |  2.3
Fighting       | |  0.6

Action                   |  1- 3 |  4- 6 |  7- 9 || total
-------------------------+-------+-------+-------++-------
Melee: Dagger            |    42 |    16 |       ||    58
       Bite              |    10 |     8 |     4 ||    22
       Punch             |     1 |       |       ||     1
       Spear             |       |     7 |       ||     7
       Quarterstaff      |       |    14 |    26 ||    40
 Cast: Summon Small Mamm |    45 |    23 |    10 ||    78
       Call Imp          |    20 |    20 |    15 ||    55
       Call Canine Famil |     1 |    37 |    14 ||    52
 Stab: Distracted        |       |     1 |       ||     1
Armor: Robe              |     7 |    13 |    17 ||    37
Dodge: Dodged            |    58 |    73 |    65 ||   196
